 Dungeon Crawl Stone Soup version 0.20-a0-809-gaf7f668 (console) character file.

711 nht the Martial Artist (level 7, -5/48 HPs)
             Began as a Merfolk Transmuter on Mar 3, 2017.
             Was a Follower of Ru.
             Slain by an ice beast (13 damage)
             ... on level 5 of the Dungeon.
             The game lasted 00:05:51 (4094 turns).

nht the Martial Artist (Merfolk Transmuter)         Turns: 4094, Time: 00:05:52

Health: -5/48      AC:  3    Str: 10    XL:     7   Next: 68%
Magic:  10/10      EV: 13    Int: 15    God:    Ru [*.....]
Gold:   214        SH:  4    Dex: 14    Spells: 6/10 levels left

rFire    . . .     SeeInvis .     - Unarmed
rCold    . . .     Gourm    .   b - +0 robe
rNeg     . . .     Faith    .   (no shield)
rPois    .         Spirit   .   r - +0 helmet
rElec    .         Reflect  +   (no cloak)
rCorr    .         Harm     .   (no gloves)
MR       .....                  (no boots)
Stlth    ++........             l - +4 amulet of reflection
Regen    0.2/turn               (no ring)
MPRegen  0.2/turn               h - ring of stealth

@: no status effects
A: change form in water, swift swim, stealthy swim, no air magic, no
conjurations magic, no hexes magic
a: Renounce Religion


You were on level 5 of the Dungeon.
You worshipped Ru.
Ru was aware of your devotion.
You were not hungry.

You visited 1 branch of the dungeon, and saw 5 of its levels.

You collected 214 gold pieces.

Inventory:

Missiles
 a - 59 arrows
Armour
 b - a +0 robe (worn)
 r - a +0 helmet (worn)
Jewellery
 h - a ring of stealth (left hand)
 l - a +4 amulet of reflection (around neck)
 o - an uncursed ring of resist corrosion {unknown}
 p - an uncursed amulet of the gourmand {unknown}
Scrolls
 e - a scroll of noise {unknown}
 g - a scroll of amnesia {unknown}
 i - 2 scrolls of magic mapping {unknown}
 k - 9 scrolls of identify {unknown}
 u - 3 scrolls of teleportation {unknown}
 v - a scroll of remove curse {unknown}
 x - a scroll of fear {unknown}
Potions
 n - a potion of haste {unknown}
 q - 2 potions of heal wounds
 s - 2 potions of curing
 t - a potion of cancellation {unknown}
 w - a potion of magic {unknown}
 z - a potion of flight {unknown}
Books
 c - a book of Changes

   Spells                             Type                      Level
   a - Beastly Appendage              Transmutation                1
   b - Sticks to Snakes               Transmutation                2
   c - Spider Form                    Transmutation/Poison         3
   d - Ice Form                       Ice/Transmutation            4
   e - Blade Hands                    Transmutation                5
Comestibles
 d - 4 bread rations
 f - 17 chunks of flesh
 j - 3 royal jellies
 m - 8 fruits


   Skills:
 - Level 1.1 Fighting
 - Level 2.6 Dodging
 * Level 8.0 Unarmed Combat
 - Level 2.0 Spellcasting
 + Level 6.7 Transmutations


You had 6 spell levels left.
You knew the following spells:

 Your Spells              Type           Power        Failure   Level  Hunger
a - Beastly Appendage     Tmut           ###...       1%          1    #......
b - Spider Form           Tmut/Pois      ##........   21%         3    ###....


Dungeon Overview and Level Annotations

Branches:
Dungeon (5/15)
 Temple: D:4-7

Altars:
Ashenzari
Dithmenos
Elyvilon
Gozag
Ru
Trog
Yredelemnul
The Shining One


Innate Abilities, Weirdness & Mutations

You revert to your normal form in water.
You are very nimble and swift while swimming.
You are very stealthy in the water. (Stealth+)
You cannot study or cast Air magic.
You cannot study or cast Conjurations magic.
You cannot study or cast Hexes magic.


Message History

There is a stone staircase leading up here.
An ice beast is nearby!
An ice beast is nearby!
The ice beast hits you. The ice beast freezes you!
An ice beast is nearby!
You hit the ice beast.
The ice beast is lightly wounded.
The ice beast hits you but does no damage.
An ice beast is nearby!
You hit the ice beast.
The ice beast is moderately wounded.
The ice beast hits you. The ice beast freezes you!
* * * LOW HITPOINT WARNING * * *
An ice beast is nearby!
You punch the ice beast!
The ice beast is heavily wounded.
The ice beast hits you.
* * * LOW HITPOINT WARNING * * *
The ice beast freezes you!
You die...

..... █.█.█
...?██████.█.████ .
...(.....█......█
..████.............████
)..█...).P.P(.......█.
█........_...........
██████...$.P.P........██
.........<............█
███.b@...........<..█
█....Y<..............██
..█.....................
█.?...█.............█.█.
█████.......█.......█...
██.████...█.█....... ..
███...██...... ...
............
..............


You could see an ice beast.

Vanquished Creatures
  An ogre (D:4)
  A scorpion (D:4)
  A howler monkey (D:3)
  A jelly (D:3)
  2 orc wizards
  A centaur skeleton (D:3)
  Natasha (thrice) (D:4)
  2 iguanas
  3 worker ants
  A howler monkey zombie (D:4)
  4 gnolls (D:5)
  A howler monkey skeleton (D:4)
  9 adders
  An ooze (D:4)
  2 worms (D:2)
  2 dart slugs
  4 leopard geckos
  5 orcs (D:4)
  15 bats
  3 giant cockroaches
  10 goblins
  7 hobgoblins
  2 quokkas
  2 ball pythons
  A frilled lizard (D:2)
  A giant cockroach zombie (D:5)
  8 kobolds
  A leopard gecko skeleton (D:4)
  8 rats
102 creatures vanquished.

Vanquished Creatures (others)
  7 fungi (D:5)
7 creatures vanquished.

Grand Total: 109 creatures vanquished

Notes
Turn   | Place    | Note
-------+----------+-------------------------------------------
     0 | D:1      | nht the Merfolk Transmuter began the quest for the Orb.
     0 | D:1      | Reached XP level 1. HP: 15/15 MP: 3/3
    98 | D:1      | Reached XP level 2. HP: 19/21 MP: 5/5
   567 | D:1      | Reached XP level 3. HP: 25/26 MP: 6/6
   856 | D:2      | Reached skill level 4 in Unarmed Combat
  1080 | D:2      | Found a sacrificial altar of Ru.
  1103 | D:2      | Reached XP level 4. HP: 24/32 MP: 7/7
  1116 | D:2      | HP: 1/32 [bat (1)]
  1136 | D:3      | Learned a level 3 spell: Spider Form
  1344 | D:3      | Found a shadowy altar of Dithmenos.
  1445 | D:2      | Became a worshipper of Ru the Awakened
  1724 | D:2      | Reached skill level 5 in Unarmed Combat
  1724 | D:2      | Reached XP level 5. HP: 16/37 MP: 8/8
  1990 | D:3      | Reached skill level 5 in Transmutations
  2355 | D:3      | Found a faded altar of an unknown god.
  2827 | D:3      | Gained mutation: You cannot study or cast Air magic. [Ru sacrifice]
  2827 | D:3      | Gained mutation: You cannot study or cast Hexes magic. [Ru sacrifice]
  2827 | D:3      | Gained mutation: You cannot study or cast Conjurations magic. [Ru sacrifice]
  2827 | D:3      | Reached * piety under Ru
  2863 | D:3      | Reached skill level 6 in Unarmed Combat
  2863 | D:3      | Reached XP level 6. HP: 35/43 MP: 9/9
  2977 | D:4      | Noticed Natasha
  2997 | D:4      | Killed Natasha
  3061 | D:4      | Found a shattered altar of Ashenzari.
  3061 | D:4      | Found a glowing golden altar of the Shining One.
  3062 | D:4      | Found an opulent altar of Gozag.
  3072 | D:4      | Found a white marble altar of Elyvilon.
  3113 | D:4      | Noticed Natasha
  3129 | D:4      | Killed Natasha
  3250 | D:4      | Noticed Natasha
  3262 | D:4      | Killed Natasha
  3298 | D:4      | Reached skill level 7 in Unarmed Combat
  3303 | D:4      | Reached XP level 7. HP: 21/48 MP: 7/10
  3665 | D:4      | Found a bloodstained altar of Trog.
  3806 | D:5      | Entered Level 5 of the Dungeon
  3929 | D:5      | Found a basalt altar of Yredelemnul.
  3947 | D:5      | Reached skill level 8 in Unarmed Combat
  4094 | D:5      | Slain by an ice beast

Vault maps used:
D:1:      mrwooster_arrival_statue_2, minmay_misc_feat_doors
D:2:      nicolae_ru_great_annihilating_truth
D:3:      grunt_dithmenos_smoke_and_mirrors,
          chequers_ecumenical_altar_simple_redux
D:4:      bloody_trog, nicolae_overflow_quartered_altars, supply_closet_lemuel,
          minmay_cupped, uniq_natasha
D:5:      yredelemnul_altar_generic, minmay_temple_entry_butterflies,
          first_bread, serial_aquarium, aquarium_bridge_straight,
          aquarium_window_2, aquarium_window_1, aquarium_window_2,
          aquarium_window_2, aquarium_view_2b, aquarium_balcony_3a,
          aquarium_pool_split

Skill      XL: |  1  2  3  4  5  6  7 |
---------------+----------------------+-----
Transmutations | 3 4 5 6 |  6.7
Unarmed Combat | 4 5 6 7 8 |  8.0
Fighting       | |  1.1
Dodging        | |  2.6
Spellcasting   | |  2.0

Action                   |  1- 3 |  4- 6 |  7- 9 || total
-------------------------+-------+-------+-------++-------
Melee: Unarmed           |   122 |   183 |    82 ||   387
       Headbutt          |       |     3 |       ||     3
       Punch             |       |     2 |     2 ||     4
 Cast: Beastly Appendage |     1 |       |       ||     1
       Spider Form       |       |     5 |     6 ||    11
Invok: Sacrifice Arcana  |       |     1 |       ||     1
  Use: Potion            |     2 |       |       ||     2
 Stab: Sleeping          |     6 |    12 |       ||    18
       Distracted        |     1 |       |     1 ||     2
  Eat: Chunk             |     1 |     7 |     4 ||    12
Armor: Robe              |    28 |    24 |     6 ||    58
       Skin              |       |     3 |       ||     3
Dodge: Dodged            |    88 |   117 |    59 ||   264
Block: Other             |    11 |    37 |    12 ||    60
